 Dungeon Crawl Stone Soup version 0.15.0-31-geb66e34 (webtiles) character file.

261 Rhoefr the Ducker (level 5, 25/25 HPs)
             Began as a Felid Monk on Sept 13, 2014.
             Quit the game on Level 6 of the Dungeon.
             The game lasted 00:22:52 (7312 turns).

Rhoefr the Ducker (Felid Monk)                      Turns: 7312, Time: 00:22:52

HP  25/25        AC  2     Str  7      XL: 5   Next: 96%
MP   9/9         EV 25     Int 11      God:
Gold 221         SH  0     Dex 21      Spells:  0 memorised,  4 levels left
Lives: 0, deaths: 2

rFire  . . .     SeeInvis +       - Unarmed
rCold  . . .     Clarity  .     (armour unavailable)
rNeg   . . .     rCorr    .     (shield unavailable)
rPois  .         rRot     .     (helmet unavailable)
rElec  .         Spirit   +     (cloak unavailable)
SustAb .         Warding  .     (gloves unavailable)
rMut   .         Stasis   .     (boots unavailable)
Gourm  .                        e - amulet of guardian spirit
MR     .....                    (no ring)
                                (no ring)

@: quick, not resistant to hostile enchantments, quite stealthy
A: paw claws, no armour, no weapons or thrown items, fangs 3, see invisible,
carnivore 3, speed 1, shaggy fur 2, slow metabolism 1, jump 2
a: Jump Attack


You were on level 6 of the Dungeon.
You were not hungry.

You visited 1 branch of the dungeon, and saw 6 of its levels.

You collected 221 gold pieces.

Inventory:

Magical devices
 k - a wand of cold (0)
 s - a wand of random effects (9)
Comestibles
 b - 2 meat rations
 l - 2 royal jellies
 p - 3 slices of pizza
 t - 3 beef jerkies
Scrolls
 f - 2 scrolls of identify
 g - 2 scrolls of remove curse
 n - a scroll of blinking
 o - a scroll of recharging
 u - 2 scrolls of teleportation
 v - a scroll of fear {unknown}
Jewellery
 a - an uncursed ring of teleportation
 d - an uncursed amulet of warding
 e - an amulet of guardian spirit (around neck)
Potions
 c - 5 potions of brilliance
 h - 3 potions of curing
 i - a potion of mutation
 j - a potion of agility
 m - a potion of might
 q - a potion of lignification {unknown}
 r - a potion of heal wounds


   Skills:
 + Level 4.1 Fighting
 + Level 7.9 Dodging
 * Level 6.6 Stealth
 + Level 5.4 Unarmed Combat
 + Level 1.2 Evocations


You had 4 spell levels left.
You didn't know any spells.

Dungeon Overview and Level Annotations

Branches:
Dungeon (6/15)
 Temple: D:4-7

Altars:
Ashenzari
Dithmenos
Elyvilon
Fedhas
Nemelex Xobeh
Sif Muna
Yredelemnul

Shops:
D:5 %

Annotations:
D:5 Pikel
D:6 Medar's ghost, experienced NaEE


Innate Abilities, Weirdness & Mutations

You cannot wear armour.
You are incapable of wielding weapons or throwing items.
Your paws have sharp claws.
You have razor-sharp teeth.
You have supernaturally acute eyesight.
You are carnivorous and can eat meat at any time.
You cover ground quickly.
You are covered in thick fur (AC +2).
You have a slow metabolism.
You can jump attack at a medium distance.


Message History

The water moccasin misses you. The hound barely misses you.
The centaur wields an uncursed shortbow.
The centaur shoots an arrow.
The arrow closely misses you.
Evoke which item? (* to show all) (? for menu, Esc to quit)
Zapping:
k - a wand of cold {zapped: 3}
Press: ? - help, Shift-Dir - straight line, f - centaur
Aim: a centaur, wielding a shortbow Nothing appears to happen.
The water moccasin closely misses you. The hound barely misses you.
The water moccasin bites you.
* * * LOW HITPOINT WARNING * * *
The centaur shoots an arrow.
The arrow barely misses you.
Unknown command.
You closely miss the water moccasin. You bite the water moccasin.
The water moccasin is almost dead.
The hound completely misses you. The water moccasin bites you!
You die...
The hound barely misses you.
You are now level 5!
You rejoin the land of the living...
Are you sure you want to abandon this character and quit the game? (Confirm with "yes".)

#.####.# #......## ##....##
#.##....## # #.##..# ##.##.....##
## ##.##..# #..#......W## ##.
###.###.<## #..#........## ##..
....###...###............#####.##
###..#....##..............##..##
##.......#......##..........#
#............@.##.........##
#..............##..........##
##...%......................#
#..........................#
##..####.............##.......
#...# #.......%.....#####.....
#....!#..............# ##...
W................###...# #.
#.................# ##..#


You could see Medar's ghost (wandering).

Vanquished Creatures
  2 phantoms
  A sky beast (D:5)
  A slave (D:5)
  2 ogres
  A giant frog (D:6)
  A goliath beetle (D:6)
  A crimson imp (D:5)
  2 hounds (D:4)
  An iguana (D:5)
  2 orc wizards (D:6)
  4 worker ants
  6 adders
  A giant mite (D:4)
  A worm (D:3)
  6 orcs
  5 giant cockroaches
  12 goblins
  7 hobgoblins
  10 kobolds
  A quokka (D:5)
  10 bats
  3 giant newts
  A goblin zombie (D:5)
  6 rats
  A rat skeleton (D:3)
88 creatures vanquished.

Notes
Turn   | Place    | Note
--------------------------------------------------------------
     0 | D:1      | Rhoefr, the Felid Monk, began the quest for the Orb.
     0 | D:1      | Reached XP level 1. HP: 9/9 MP: 2/2
   311 | D:1      | Reached XP level 2. HP: 11/13 MP: 3/3
   627 | D:2      | Found a blossoming altar of Fedhas.
   629 | D:2      | Found a sparkling altar of Nemelex Xobeh.
   630 | D:2      | Found a shadowy altar of Dithmenos.
   630 | D:2      | Found a shattered altar of Ashenzari.
  1308 | D:2      | Reached XP level 3. HP: 16/16 MP: 5/5
  2083 | D:3      | Found a deep blue altar of Sif Muna.
  2176 | D:4      | Reached XP level 4. HP: 18/20 MP: 7/7
  2187 | D:4      | Reached skill level 5 in Dodging
  2299 | D:4      | Reached XP level 5. HP: 14/23 MP: 3/8
  2606 | D:4      | Noticed an ogre
  2703 | D:4      | Noticed an ice beast
  3333 | D:4      | Killed an ogre
  3333 | D:4      | Reached skill level 5 in Stealth
  4101 | D:5      | Entered Level 5 of the Dungeon
  4140 | D:5      | Noticed an ogre
  4151 | D:5      | Killed an ogre
  4151 | D:5      | Reached skill level 6 in Dodging
  4151 | D:5      | Gained mutation: You are covered in thick fur (AC +2). [growing up]
  4151 | D:5      | Gained mutation: You can jump attack at a medium distance. [growing up]
  4151 | D:5      | Reached XP level 6. HP: 16/28 MP: 5/10
  4539 | D:5      | Noticed a sky beast
  4544 | D:5      | Killed a sky beast
  4592 | D:5      | Noticed a phantom
  4628 | D:5      | Killed a phantom
  4628 | D:5      | Reached skill level 1 in Evocations
  4628 | D:5      | Reached XP level 7. HP: 31/31 MP: 11/13
  5322 | D:5      | Found a basalt altar of Yredelemnul.
  5322 | D:5      | Found a white marble altar of Elyvilon.
  5333 | D:5      | Found Pragay's Food Emporium.
  5461 | D:5      | Reached skill level 7 in Dodging
  5461 | D:5      | Reached skill level 5 in Unarmed Combat
  5874 | D:5      | Noticed a slave
  5874 | D:5      | Noticed a slave
  6603 | D:5      | Noticed Pikel
  6972 | D:5      | Noticed a slave
  6982 | D:5      | Killed a slave
  6983 | D:5      | Noticed a slave
  6990 | D:5      | Slain by a slave
  6991 | D:5      | Reached XP level 6. HP: -3/28 MP: 0/11
  7241 | D:6      | Noticed Medar's ghost (experienced NaEE)
  7311 | D:6      | Slain by a water moccasin
  7312 | D:6      | Reached XP level 5. HP: -1/25 MP: 0/9
  7312 | D:6      | Quit the game

Action                   |  1- 3 |  4- 6 |  7- 9 || total
-------------------------+-------+-------+-------++-------
Melee: Unarmed           |   117 |   153 |   127 ||   397
Evoke: Wand              |       |     4 |       ||     4
  Use: Scroll            |     7 |     7 |     1 ||    15
       Potion            |       |     1 |       ||     1
 Stab: Sleeping          |     9 |     7 |     4 ||    20
  Eat: Chunk             |     8 |     6 |       ||    14
